 Dungeon Crawl Stone Soup version 0.28-a0-1395-g4f6bc678fa (webtiles) character file.

Game seed: 12130032469052137309

15862 derath95 the Geomancer (level 12, 0/101 HPs)
             Began as a Yellow Draconian Earth Elementalist on Jan 4, 2022.
             Was an Elder of Vehumet.
             Slain by a black mamba (3 damage)
             ... on level 3 of the Lair of Beasts.
             The game lasted 01:14:18 (15285 turns).

derath95 the Geomancer (DrEE)                      Turns: 15285, Time: 01:14:19

Health: 0/101      AC: 11    Str: 11    XL:     12   Next: 5%
Magic:  16/21      EV: 15    Int: 20    God:    Vehumet [****..]
Gold:   605        SH:  5    Dex: 12    Spells: 14/27 levels left

rFire   + . .      SeeInvis .   l - +4 dire flail
rCold   + . .      Faith    .   (shield currently unavailable)
rNeg    + . .      Spirit   .   (armour unavailable)
rPois   .          Reflect  +   (helmet restricted)
rElec   .          Harm     .   o - +2 cloak
rCorr   +          Rampage  .   (no gloves)
Will    +....                   (no boots)
Stlth   ++........              g - amulet of reflection
HPRegen 0.26/turn               e - ring of positive energy
MPRegen 0.17/turn               k - ring of willpower

@: lethally poisoned (0 -> -8)
A: spit acid, AC +8, unfitting armour, cold-blooded, acid resistance, talons 1,
cold resistance 1, fire resistance 1, low mp 1
a: Breathe Acid, Renounce Religion


You were on level 3 of the Lair of Beasts.
You worshipped Vehumet.
Vehumet was greatly pleased with you.
You visited 3 branches of the dungeon, and saw 14 of its levels.

You collected 630 gold pieces.
You spent 25 gold pieces at shops.

Inventory:

Hand Weapons
 a - the +11 morningstar of the Extremes {vorpal, *Corrode Will+++ Int-3 Dex+6}
   (You found it on level 2 of the Lair of Beasts)

   It inflicts extra damage upon your enemies.
   Int:       It affects your intelligence (-3).
   Dex:       It affects your dexterity (+6).
   *Corrode:  It may corrode you when you take damage.
   Will:      It greatly increases your willpower.
 l - a +4 dire flail (weapon)
Missiles
 b - 59 stones
Armour
 o - a +2 cloak (worn)
 r - a +1 hat
 w - an orb of wrath
Jewellery
 d - an amulet of magic regeneration
 e - a ring of positive energy (left hand)
 g - an amulet of reflection (around neck)
 h - an amulet of regeneration
 k - a ring of willpower (right hand)
 s - a ring of wizardry
Wands
 j - a wand of flame (39)
Scrolls
 f - 10 scrolls of identify
 n - a scroll of enchant armour
 p - a scroll of amnesia
 t - 2 scrolls of teleportation
 v - a scroll of fog
Potions
 i - a potion of haste
 m - 2 potions of lignification
 u - a potion of ambrosia
 x - a potion of curing
Miscellaneous
 c - a lightning rod (4/4)
 y - a box of beasts (inert)


   Skills:
 + Level 8.0 Fighting
 + Level 7.3 Maces & Flails
 + Level 8.1 Dodging
 - Level 1.7 Stealth
 + Level 8.1 Spellcasting
 + Level 7.3 Conjurations
 - Level 1.0 Transmutations
 + Level 9.0 Earth Magic
 + Level 3.5 Evocations


You had 14 spell levels left.
You knew the following spells:

 Your Spells              Type           Power      Damage    Failure   Level
a - Sandblast             Erth           88%        2d18      1%          1
b - Passwall              Tmut/Erth      23%        N/A       1%          2
c - Stone Arrow           Conj/Erth      80%        3d12      1%          3
d - Apportation           Tloc           16%        N/A       9%          1
e - Searing Ray           Conj           74%        2d7       1%          2
f - Fulminant Prism       Conj/Hex       11%        3d9       5%          4

Your spell library contained the following spells:

 Spells                   Type           Power      Damage    Failure   Level
 Yara's Violent Unravell  Hex/Tmut       5%         3d4       41%         5
 Magic Dart               Conj           100%       1d8       1%          1
 Animate Skeleton         Necr           16%        N/A       9%          1
 Summon Small Mammal      Summ           32%        N/A       9%          1
 Petrify                  Tmut/Erth      28%        N/A       11%         4
 Irradiate                Conj/Tmut      12%        3d18      11%         5
 Blink                    Tloc           16%        N/A       13%         2
 Sublimation of Blood     Necr           8%         N/A       13%         2
 Call Canine Familiar     Summ           8%         N/A       26%         3
 Gell's Gravitas          Tloc           8%         N/A       26%         3
 Lesser Beckoning         Tloc           8%         N/A       26%         3
 Summon Guardian Golem    Hex/Summ       8%         N/A       26%         3
 Teleport Other           Tloc           8%         N/A       26%         3
 Alistair's Intoxication  Tmut/Pois      6%         N/A       88%         5
 Manifold Assault         Tloc           8%         N/A       93%         5


Dungeon Overview and Level Annotations

Branches:
Dungeon (10/15)            Temple (1/1) D:4            Lair (3/6) D:10
  Snake (0/4) Lair:3       Spider (0/4) Lair:3          Orc (0/2) D:10

Altars:
Ashenzari
Cheibriados
Dithmenos
Elyvilon
Fedhas
Gozag
Hepliaklqana
Kikubaaqudgha
Makhleb
Nemelex Xobeh
Okawaru
Qazlal
Ru
Sif Muna
Trog
Uskayaw
Vehumet
Wu Jian
Xom
Yredelemnul
Zin
The Shining One

Shops:
D:8 *   D:10 [

Annotations:
Lair:1 6 runed translucent doors


Innate Abilities, Weirdness & Mutations

You can spit globs of acid.
Your golden yellow scales are hard. (AC +8)
You cannot fit into any form of body armour.
You are cold-blooded and may be slowed by cold attacks.
You are resistant to acid. (rCorr)
You have sharp toenails.
Your flesh is cold resistant. (rC+)
Your flesh is heat resistant. (rF+)
Your magical capacity is low. (-10% MP)


Message History

The black mamba bites you but does no damage.
Casting: Stone Arrow (safe; 1% risk of failure)
Confirm with . or Enter, or press ? or * to list all spells.
Aiming: Sandblast (safe; 1% risk of failure)
Press: ? - help, Shift-Dir - straight line, f/p - black mamba
Aim: a black mamba (moderately wounded, 72% to hit)
The blast of sand misses the black mamba.
A nearby plant withers and dies.
The black mamba closely misses you. x2
The black mamba barely misses you.
You hit the black mamba. Your kick misses the black mamba.
The black mamba is heavily wounded.
The black mamba bites you but does no damage.
The black mamba bites you. You block the black mamba's attack.
The black mamba barely misses you. The black mamba bites you!
You hit the black mamba.
The black mamba is heavily wounded.
A nearby plant withers and dies.
The black mamba closely misses you.
The water moccasin bites you but does no damage.
The black mamba bites you!
* * * LOW HITPOINT WARNING * * *
You are poisoned.
The black mamba poisons you! The black mamba barely misses you. x2
The water moccasin bites you but does no damage.
The black mamba bites you but does no damage.
You closely miss the black mamba.
The black mamba is heavily wounded.
You feel very sick. The black mamba bites you!
* * * LOW HITPOINT WARNING * * *
You block the black mamba's attack. The black mamba bites you.
* * * LOW HITPOINT WARNING * * *
The black mamba bites you.
* * * LOW HITPOINT WARNING * * *
You block the water moccasin's attack. The black mamba closely misses you.
Really read the scroll of immolation?
As you read the scroll of immolation, it crumbles to dust.
The creatures around you are filled with an inner flame!
* * * LOW HITPOINT WARNING * * *
You feel sick. The black mamba bites you.
You die...

..................^^.>.
..............#..^^^.^^
#####...#..#...#...^^^^
##...##....#.^^..^^
#..###...#....^... #..#
##.......^^.. ##..##
#>###..###.# ....
#....###..##.####.. ...
#S@S#.##..#### #.#. #..
###SSS###..# ##.# ..
#..S.##...## ##. ##.
##........# ##
#..#####..##....# #
#..P##...## ##..P. #
#.......## ... #
#..#.#.[## .# #
......##### #########


You could see 3 black mambas and 3 water moccasins.

Vanquished Creatures
  Erolcha (D:9)
  A hydra (Lair:2)
  2 two-headed ogres
  An oklob plant (Lair:2)
  Maurice (D:8)
  3 cane toads
  Maggie (D:7)
  A komodo dragon (Lair:2)
  2 trolls (D:10)
  A polar bear (Lair:2)
  9 blink frogs
  A jumping spider (Lair:1)
  2 wraiths
  A vampire (D:9)
  2 basilisks
  2 wyverns
  21 yaks
  Grum (D:9)
  2 steam dragons
  2 redbacks (Lair:1)
  2 water moccasins (Lair:1)
  An acid dragon (D:9)
  Duvessa (D:7)
  Pargi (D:3)
  2 orc warriors
  An ice beast (D:7)
  A sky beast (D:5)
  2 necrophages
  An ogre (D:4)
  2 phantoms
  4 wolves (D:9)
  3 centaurs
  4 bullfrogs
  A wyvern zombie (D:8)
  Dowan (D:7)
  17 killer bees
  6 wights
  2 bullfrog zombies (D:5)
  2 centaur zombies
  2 hounds
  2 jellies
  2 orc priests (D:6)
  A bullfrog skeleton (D:5)
  A gnoll shaman (D:6)
  3 iguanas
  7 hell rats (Lair:1)
  Natasha (twice) (D:2)
  9 orc wizards
  2 howler monkey zombies
  8 adders
  5 gnolls (D:6)
  A shadow imp (D:7)
  2 adder skeletons (D:4)
  3 worms
  4 dart slugs
  22 orcs
  6 bats
  3 endoplasms (D:2)
  2 giant cockroaches
  8 goblins
  9 hobgoblins
  8 jackals
  10 quokkas
  10 ball pythons
  3 frilled lizards
  9 kobolds
  3 rats
258 creatures vanquished.

Vanquished Creatures (others)
  4 fungi (Lair:2)
  7 plants
11 creatures vanquished.

Grand Total: 269 creatures vanquished

Notes
Turn   | Place    | Note
-------+----------+-------------------------------------------
     0 | D:1      | derath95 the Draconian Earth Elementalist began the quest
                  | for the Orb.
     0 | D:1      | Reached XP level 1. HP: 14/14 MP: 3/3
   289 | D:1      | Reached XP level 2. HP: 20/20 MP: 5/5
   464 | D:1      | Found a faded altar of an unknown god.
   710 | D:1      | Reached XP level 3. HP: 26/26 MP: 4/6
   936 | D:2      | Learned a level 2 spell: Passwall
   940 | D:2      | Learned a level 3 spell: Stone Arrow
  1405 | D:2      | Noticed Natasha
  1415 | D:2      | Killed Natasha
  1416 | D:2      | Reached XP level 4. HP: 18/33 MP: 0/8
  1669 | D:2      | You fall into a shaft and drop 1 floor!
  2013 | D:2      | Reached skill level 4 in Earth Magic
  2087 | D:2      | Noticed Natasha
  2092 | D:2      | Killed Natasha
  2093 | D:2      | Reached XP level 5. HP: 35/38 MP: 5/9
  3268 | D:3      | Found a blossoming altar of Fedhas.
  3694 | D:3      | Noticed Pargi
  3705 | D:3      | Killed Pargi
  3706 | D:3      | Reached XP level 6. HP: 34/45 MP: 3/11
  3794 | D:3      | Found a burning altar of Makhleb.
  3794 | D:3      | Noticed a cacodemon
  4105 | D:3      | Noticed a neqoxec
  4105 | D:3      | Noticed a ynoxinul
  4357 | D:4      | Found a staircase to the Ecumenical Temple.
  4366 | Temple   | Entered the Ecumenical Temple
  4442 | Temple   | Became a worshipper of Vehumet
  4547 | D:4      | Found a sacrificial altar of Ru.
  4675 | D:4      | Reached skill level 5 in Earth Magic
  4679 | D:4      | Gained mutation: You have sharp toenails. [potion of
                  | mutation]
  4679 | D:4      | Gained mutation: Your flesh is cold resistant. (rC+)
                  | [potion of mutation]
  4679 | D:4      | Gained mutation: Your magical capacity is low. (-10% MP)
                  | [potion of mutation]
  4679 | D:4      | Gained mutation: Your flesh is heat resistant. (rF+)
                  | [potion of mutation]
  4888 | D:4      | Your scales start taking on a golden yellow colour.
  4888 | D:4      | Reached XP level 7. HP: 45/51 MP: 7/12
  4888 | D:4      | Gained mutation: You are resistant to acid. (rCorr) [Yellow
                  | Draconian growth]
  5103 | D:5      | Entered Level 5 of the Dungeon
  5121 | D:5      | Reached skill level 1 in Fighting
  5198 | D:5      | Reached skill level 1 in Conjurations
  5209 | D:5      | Reached skill level 1 in Maces & Flails
  5895 | D:5      | Reached XP level 8. HP: 59/62 MP: 9/13
  6502 | D:6      | Reached * piety under Vehumet
  6502 | D:6      | Offered knowledge of Foxfire by Vehumet.
  6682 | D:6      | Reached skill level 5 in Spellcasting
  6929 | D:6      | Reached skill level 5 in Dodging
  6935 | D:6      | Reached skill level 6 in Earth Magic
  7162 | D:6      | Found a sparkling altar of Nemelex Xobeh.
  7555 | D:7      | Noticed Maggie
  7560 | D:7      | Killed Maggie
  7605 | D:7      | Found a basalt altar of Yredelemnul.
  7630 | D:7      | Reached XP level 9. HP: 32/71 MP: 9/15
  7649 | D:7      | Noticed Dowan
  7653 | D:7      | Noticed Duvessa
  7952 | D:7      | Killed Duvessa
  7960 | D:7      | Killed Dowan
  8093 | D:7      | Reached ** piety under Vehumet
  8408 | D:7      | Learned a level 1 spell: Apportation
  8544 | D:8      | Offered knowledge of Scorch by Vehumet.
  8678 | D:8      | Found Myuhaano's General Store.
  8686 | D:8      | Bought 21 stones for 25 gold pieces
  9042 | D:8      | Noticed Maurice
  9047 | D:8      | Killed Maurice
  9048 | D:8      | Reached skill level 5 in Fighting
  9048 | D:8      | Reached skill level 7 in Earth Magic
  9205 | D:8      | Reached XP level 10. HP: 76/81 MP: 8/17
  9209 | D:8      | Reached skill level 5 in Maces & Flails
  9209 | D:8      | Reached skill level 5 in Conjurations
 10044 | D:9      | Noticed a two-headed ogre
 10049 | D:9      | Killed a two-headed ogre
 10217 | D:9      | Offered knowledge of Searing Ray by Vehumet.
 10224 | D:9      | Learned a level 2 spell: Searing Ray
 10232 | D:9      | Noticed Erolcha
 10252 | D:9      | Killed Erolcha
 10586 | D:9      | Reached skill level 8 in Earth Magic
 10960 | D:9      | Noticed Grum
 10962 | D:9      | Reached *** piety under Vehumet
 10971 | D:9      | Killed Grum
 11332 | D:10     | Entered Level 10 of the Dungeon
 11332 | D:10     | Noticed a two-headed ogre
 11332 | D:10     | Found Rohuxoph's Armour Shop.
 11336 | D:10     | Killed a two-headed ogre
 11337 | D:10     | Reached XP level 11. HP: 91/91 MP: 10/19
 11639 | D:10     | Found a glowing silver altar of Zin.
 11701 | D:10     | Reached skill level 1 in Evocations
 11764 | D:10     | Offered knowledge of Fulminant Prism by Vehumet.
 11777 | D:10     | Learned a level 4 spell: Fulminant Prism
 11779 | D:10     | Found a staircase to the Orcish Mines.
 11840 | D:10     | Found a white marble altar of Elyvilon.
 11874 | D:10     | Found a staircase to the Lair.
 11983 | D:10     | Found a hazy altar of Hepliaklqana.
 12030 | D:10     | Found a bloodstained altar of Trog.
 12173 | Lair:1   | Entered Level 1 of the Lair of Beasts
 12366 | Lair:1   | Reached **** piety under Vehumet
 13252 | Lair:1   | Found a runed translucent door.
 13284 | Lair:1   | Offered knowledge of Yara's Violent Unravelling by Vehumet.
 13605 | Lair:1   | Found a runed translucent gate.
 13605 | Lair:1   | Found a runed translucent gate.
 13605 | Lair:1   | Found a runed translucent gate.
 13605 | Lair:1   | Found a runed translucent gate.
 13605 | Lair:1   | Found a runed translucent gate.
 13606 | Lair:1   | Found a runed translucent gate.
 13606 | Lair:1   | Noticed a lindwurm
 13606 | Lair:1   | Noticed a lindwurm
 13606 | Lair:1   | Noticed a boulder beetle
 13701 | Lair:2   | Identified the +11 morningstar of the Extremes {vorpal,
                  | *Corrode Will+++ Int-3 Dex+6}
 14143 | Lair:2   | Noticed a six-headed hydra
 14156 | Lair:2   | Killed a six-headed hydra
 14157 | Lair:2   | Reached skill level 9 in Earth Magic
 14568 | Lair:2   | Noticed an oklob plant
 15119 | Lair:2   | Killed an oklob plant
 15120 | Lair:2   | Reached XP level 12. HP: 94/101 MP: 11/21
 15195 | Lair:3   | Identified the +6 chain mail of Weightlessness {Regen+}
 15225 | Lair:3   | Found a hole to the Spider Nest.
 15268 | Lair:3   | Found a staircase to the Snake Pit.
 15284 | Lair:3   | HP: 5/101 [black mamba (5)]
 15285 | Lair:3   | Slain by a black mamba

Illustrated notes

Levels and vault maps discovered:
D:1:      eino_arrival_cavern_d, layout_basic, ebering_ecumenical_altar_mist,
          kennysheep_boxes
D:2:      layout_basic, uniq_natasha
D:3:      layout_loops_cross, fedhas_altar_fruit_tree,
          makhleb_altar_promises_db, uniq_pargi
D:4:      layout_rooms, nicolae_ru_path_of_blood,
          minmay_temple_entry_enclosed_plants
D:5:      layout_basic, kennysheep_generic_room_13
D:6:      layout_basic, nemelex_xobeh_ov_fountains_minmay
D:7:      layout_rooms, yredelemnul_altar_generic, uniq_maggie, uniq_duvessa
D:8:      layout_basic, serial_shops, shop, uniq_maurice
D:9:      layout_cave_pods, hangedman_abyss_or_decor_clamps, uniq_grum,
          uniq_erolcha
D:10:     layout_rooms, lightli_temple_of_fire, elyvilon_altar_4,
          zin_scriptorium, mainiacjoe_overflow_alcove_2, lair_entry_dummy,
          orc_0_dummy, serial_shops, shop
Temple:   dshaligram_water_room_temple
Lair:1:   gammafunk_indiana_jones, layout_cave_shapes
Lair:2:   layout_cave_pods
Lair:3:   cheibrodos_lair_river_kwai, layout_chaotic_city,
          minmay_snake_entry_six_corridors, spider_nest_entry_web_field,
          nicolae_volcano_entry_vermiform, cheibrodos_lair_caveside_slide

Skill      XL: |  1  2  3  4  5  6  7  8  9 10 11 |
---------------+----------------------------------+-----
Dodging        | 2 3 4 5 6 7 8 |  8.1
Spellcasting   | 3 4 5 6 7 8 |  8.1
Earth Magic    | 4 5 6 7 8 9 |  9.0
Fighting       | 2 3 5 6 8 |  8.0
Conjurations   | 2 3 4 6 7 |  7.3
Maces & Flails | 2 3 4 6 7 |  7.3
Evocations     | 3 |  3.5
Stealth        | |  1.7
Transmutations | |  1.0

Action                   |  1- 3 |  4- 6 |  7- 9 | 10-12 || total
-------------------------+-------+-------+-------+-------++-------
Melee: Unarmed           |    19 |       |       |       ||    19
       Mace              |    62 |   158 |    29 |       ||   249
       Tailslap          |     8 |    13 |     9 |    16 ||    46
       Kick              |       |     2 |    26 |    30 ||    58
       Dire flail        |       |       |    74 |   154 ||   228
 Cast: Sandblast         |    22 |    42 |   137 |   116 ||   317
       Stone Arrow       |       |       |    26 |    70 ||    96
       Searing Ray       |       |       |       |     2 ||     2
 Abil: Breathe Acid      |       |       |     1 |       ||     1
Evoke: Wand              |       |       |       |     2 ||     2
       Box of beasts     |       |       |       |     1 ||     1
  Use: Scroll            |       |     6 |     3 |     7 ||    16
       Potion            |       |     2 |    10 |     6 ||    18
 Stab: Sleeping          |     3 |     4 |     2 |       ||     9
Armor: Skin              |    42 |    75 |    54 |    55 ||   226
Dodge: Dodged            |    69 |   131 |    99 |   136 ||   435
Block: Other             |       |    46 |    33 |    50 ||   129
       Reflection        |       |     5 |     1 |     1 ||     7

Table legend: (Time is in decaauts)
 A = Elapsed time spent in this place.
 B = Non-inter-level travel time spent in this place.
 C = Inter-level travel time spent in this place.
 D = Time resting spent in this place.
 E = Time spent auto-exploring this place.
 F = Levels seen in this place.
 G = Mean time per level.
                   A        B        C        D        E       F      G
               +--------+--------+--------+--------+--------+-----+--------+
         Total |  15417 |  14621 |    796 |    737 |  10270 |  14 | 1101.2 |
       Dungeon |  12216 |  11508 |    708 |     80 |   8370 |  10 | 1221.6 |
        Temple |     92 |     92 |      0 |      0 |     60 |   1 |   92.0 |
          Lair |   3108 |   3020 |     88 |    657 |   1840 |   3 | 1036.0 |
               +--------+--------+--------+--------+--------+-----+--------+

Top non-repeatable levels by time:
     D:2: 2069 daAuts
     D:9: 1629 daAuts
  Lair:1: 1501 daAuts
     D:6: 1466 daAuts
  Lair:2: 1463 daAuts
     D:3: 1256 daAuts
     D:8: 1206 daAuts
     D:5: 987 daAuts
     D:7: 958 daAuts
     D:1: 938 daAuts
     D:4: 863 daAuts
    D:10: 840 daAuts
  Lair:3: 143 daAuts
  Temple: 92 daAuts
